 Dungeon Crawl Stone Soup version 0.29.0-4-gdea44cf6ec (webtiles) character file.

Game seed: 16447303867600888907

67 qw the Chopper (level 4, -7/26 HPs)
             Began as a Tengu Warper on Aug 28, 2022.
             Mangled by Terence
             ... wielding a +0 flail
              (8 damage)
             ... on level 3 of the Dungeon.
             The game lasted 00:00:11 (2371 turns).

qw the Chopper (Tengu Warper)                       Turns: 2371, Time: 00:00:12

Health: -7/26      AC: 10    Str: 13    XL:     4   Next: 18%
Magic:  8/8        EV:  3    Int: 13    God:
Gold:   4          SH:  0    Dex: 14    Spells: 7/7 levels left

rFire   . . .      SeeInvis .   Y - +0 hand axe
rCold   . . .      Faith    .   (no shield)
rNeg    . . .      Spirit   .   k - +0 plate armour
rPois   .          Reflect  .   (helmet restricted)
rElec   .          Harm     .   (no cloak)
rCorr   .          Rampage  .   (no gloves)
Will    .....                   (boots unavailable)
Stlth   ..........              (no amulet)
HPRegen 0.08/turn               (no ring)
MPRegen 0.11/turn               (no ring)

@: no status effects
A: beak, talons 3
a: no special abilities


You were on level 3 of the Dungeon.
You visited 1 branch of the dungeon, and saw 3 of its levels.

You collected 108 gold pieces.
You spent 104 gold pieces at shops.


Innate Abilities, Weirdness & Mutations

You have a beak for a mouth.
You have claws for feet.


   Skills:
 - Level 2.0 Fighting
 + Level 4.4 Axes
 - Level 1.0 Throwing
 - Level 2.0 Armour
 - Level 2.1 Dodging
 - Level 2.0 Spellcasting
 - Level 2.4 Translocations


You had 7 spell levels left.
You didn't know any spells.
Your spell library contained the following spells:

 Spells                   Type           Power      Damage    Failure   Level
 Blink                    Tloc           14%        N/A       100%        2
 Gell's Gravitas          Tloc           7%         N/A       100%        3
 Lesser Beckoning         Tloc           7%         N/A       100%        3
 Teleport Other           Tloc           7%         N/A       100%        3
 Manifold Assault         Tloc           7%         N/A       100%        5

Inventory:

Hand Weapons
 f - a +0 whip
 Y - a +0 hand axe (weapon)
Armour
 k - a +0 plate armour (worn)
Jewellery
 j - a ring of ice
Potions
 b - a potion of resistance
 d - a potion of mutation {unknown}
 e - a potion of haste
 g - 3 potions of curing
 i - 2 potions of heal wounds
 l - a potion of brilliance {unknown}
 m - a potion of degeneration {unknown}

Dungeon Overview and Level Annotations

Branches:
Dungeon (3/15)

Altars:
Qazlal

Shops:
D:3 !

Annotations:
D:3 Terence


Message History

There is an entrance to Jablucex's Distillery here.
2346 ||| SHOPLISTING 2 potions of heal wounds (130 gold, have 108).
You can access your shopping list by pressing '$'.
2346 ||| BUYING potion of curing (39 gold).
g - 2 potions of curing (gained 1) Thank you for shopping at Jablucex's Distillery!
You can access your shopping list by pressing '$'.
2346 ||| BUYING potion of heal wounds (65 gold).
i - 2 potions of heal wounds (gained 1) Thank you for shopping at Jablucex's Distillery!
You can access your shopping list by pressing '$'.
2346 ||| SHOPLISTING potion of mutation (104 gold, have 4).
You can access your shopping list by pressing '$'.
Found a sling.
g - 3 potions of curing (gained 1)
An adder comes into view.
The adder completely misses you.
You hit the adder. You claw the adder!
You kill the adder!
You see here a +0 sling.
Terence the Incautious comes into view.
He is wielding a +0 flail.
Terence shouts!
Terence drinks a potion.
Terence seems to speed up.
You barely miss Terence. Terence barely misses you. x2
You completely miss Terence. You claw Terence, but do no damage.
Terence hits you but does no damage.
You barely miss Terence. You claw Terence.
Terence is moderately wounded.
Terence hits you with a +0 flail. Terence barely misses you.
You hit Terence but do no damage. You claw Terence.
Terence is heavily wounded.
Terence hits you with a +0 flail.
You hit Terence but do no damage. Your kick misses Terence.
Terence is heavily wounded.
Terence hits you with a +0 flail. Terence hits you with a +0 flail!
You hit Terence. You claw Terence, but do no damage.
Terence is severely wounded.
Terence hits you with a +0 flail. Terence hits you with a +0 flail!
You die...

##.......##
#.........#
#.........#
#.........#
#.........#
#?..!.....#
##..@....##
#...@.....#
#...).....#
#.........#
#.........#
#.........# ##.
##.......####..
##...........###
####.##..#....##
#..[...#.......#


You could see Terence (fast).

Vanquished Creatures
  3 adders
  3 worms (D:2)
  2 dart slugs
  2 ball pythons
  4 bats
  An endoplasm (D:2)
  2 giant cockroaches (D:2)
  A hobgoblin (D:1)
  4 kobolds
  A quokka (D:2)
  3 frilled lizards
  2 goblins
  3 rats
31 creatures vanquished.

Notes
Turn   | Place    | Note
-------+----------+-------------------------------------------
     0 | D:1      | qw the Tengu Warper began the quest for the Orb.
     0 | D:1      | Reached XP level 1. HP: 12/12 MP: 4/4
     0 | D:1      | 0 ||| qw: Version: 0.1-a-89-g26bdef1
     0 | D:1      | 0 ||| qw: Game counter: 652
     0 | D:1      | 0 ||| qw: Always use a shield: true
     0 | D:1      | 0 ||| qw: God list: Okawaru
     0 | D:1      | 0 ||| qw: Allow faded altars: false
     0 | D:1      | 0 ||| qw: Do Orc after D:15 true
     0 | D:1      | 0 ||| qw: Do second Lair branch before Depths: true
     0 | D:1      | 0 ||| qw: Lair rune preference: random
     0 | D:1      | 0 ||| qw: Plans: Normal
     0 | D:1      | 0 ||| PLANNING D:1-11
   116 | D:1      | 116 ||| Stepping ~*~*~tactically~*~*~ (stealth).
   429 | D:1      | Reached skill level 3 in Axes
   429 | D:1      | Reached XP level 2. HP: 16/17 MP: 6/6
   686 | D:1      | Found a faded altar of an unknown god.
  1122 | D:1      | 1122 ||| UPGRADING to +0 chain mail.
  1132 | D:1      | 1132 ||| DROPPING +0 leather armour.
  1133 | D:1      | 1133 ||| UPGRADING to +0 plate armour.
  1143 | D:1      | 1143 ||| DROPPING +0 chain mail.
  1144 | D:1      | 1144 ||| READING scroll labelled ASELAO MEKIAFF.
  1145 | D:1      | 1145 ||| DRINKING 2 coppery potions.
  1146 | D:1      | 1146 ||| DROPPING scroll of blinking.
  1241 | D:2      | Reached XP level 3. HP: 7/21 MP: 7/7
  1242 | D:2      | 1242 ||| FLEEEEING.
  1460 | D:2      | Reached skill level 4 in Axes
  1536 | D:2      | 1536 ||| Stepping ~*~*~tactically~*~*~ (hiding).
  1538 | D:2      | 1538 ||| Stepping ~*~*~tactically~*~*~ (hiding).
  2050 | D:2      | 2050 ||| READING scroll labelled JEVVIHELEU.
  2051 | D:2      | 2051 ||| READING scroll labelled DEDAEN YGROQO.
  2052 | D:2      | 2052 ||| READING 2 scrolls labelled LERAUR YNWY.
  2053 | D:2      | 2053 ||| READING scroll labelled OSHRAUN VUMPAU.
  2054 | D:2      | 2054 ||| READING scroll labelled WAPIUG GUCYP.
  2155 | D:2      | 2155 ||| DRINKING 2 sedimented dark potions.
  2156 | D:2      | 2156 ||| DRINKING 2 emerald potions.
  2157 | D:2      | 2157 ||| DRINKING 2 puce potions.
  2158 | D:2      | 2158 ||| DROPPING scroll of poison.
  2159 | D:2      | 2159 ||| DROPPING potion of flight.
  2260 | D:3      | Reached XP level 4. HP: 26/26 MP: 8/8
  2292 | D:3      | Found a faded altar of an unknown god.
  2295 | D:3      | Found a stormy altar of Qazlal.
  2330 | D:3      | Found Jablucex's Distillery.
  2346 | D:3      | 2346 ||| SHOPLISTING 2 potions of heal wounds (130 gold,
                  | have 108).
  2346 | D:3      | 2346 ||| BUYING potion of curing (39 gold).
  2346 | D:3      | Bought a potion of curing for 39 gold pieces
  2346 | D:3      | 2346 ||| BUYING potion of heal wounds (65 gold).
  2346 | D:3      | Bought a potion of heal wounds for 65 gold pieces
  2346 | D:3      | 2346 ||| SHOPLISTING potion of mutation (104 gold, have 4).
  2361 | D:3      | Noticed Terence
  2371 | D:3      | HP: 1/26 [Terence/+0 flail (6)]
  2371 | D:3      | Mangled by Terence

Levels and vault maps discovered:
D:1:      amcnicky_arrival_double_pillar, layout_basic,
          shapermc_ecumenical_altar_mp_highgroup
D:2:      layout_rooms
D:3:      layout_rooms, nicolae_overflow_ecumenical_swirl, serial_shops, shop,
          nicolae_shop_behind_doors, shop, uniq_crazy_yiuf_cottage, uniq_terence

Skill      XL: |  1  2  3 |
---------------+----------+-----
Axes           | 3 4 |  4.4
Armour         | 2 |  2.0
Fighting       | |  2.0
Throwing       | |  1.0
Dodging        | |  2.1
Spellcasting   | |  2.0
Translocations | |  2.4

Action                   |  1- 3 |  4- 6 || total
-------------------------+-------+-------++-------
Melee: Hand axe          |    61 |     8 ||    69
       Kick              |    15 |     5 ||    20
       Peck              |     9 |       ||     9
Throw: Boomerang         |     7 |       ||     7
  Use: Scroll            |     6 |       ||     6
       Potion            |     4 |       ||     4
Armor: Leather armour    |     5 |       ||     5
       Plate armour      |    26 |     1 ||    27
Dodge: Dodged            |    13 |     4 ||    17

Table legend:
 A = Non-vault XP
 B = Vault XP
 C = Vault XP percentage of total XP
 D = Non-vault monster count
 E = Vault monster count
 F = Vault count percentage of total count
                 A         B        C        D         E       F
            +---------+---------+-------+---------+---------+-------
      Total |      97 |       0 |   0.0 |      31 |       0 |   0.0
            +---------+---------+-------+---------+---------+-------
        D:1 |      20 |       0 |   0.0 |      11 |       0 |   0.0
        D:2 |      59 |       0 |   0.0 |      15 |       0 |   0.0
        D:3 |      18 |       0 |   0.0 |       5 |       0 |   0.0
            +---------+---------+-------+---------+---------+-------
